 Dungeon Crawl Stone Soup version 0.29-a0-1009-g60c99734e7 (webtiles) character file.

Game seed: 6056650658811478356

44 drpainis the Sneak (level 3, 0/17 HPs)
             Began as a Spriggan Enchanter on Aug 9, 2022.
             Succumbed to an adder's poison
             ... on level 2 of the Dungeon.
             The game lasted 00:01:31 (1851 turns).

drpainis the Sneak (Spriggan Enchanter)             Turns: 1851, Time: 00:01:31

Health: 0/17       AC:  2    Str:  4    XL:     3   Next: 41%
Magic:  8/8        EV: 22    Int: 18    God:
Gold:   83         SH:  0    Dex: 15    Spells: 8/8 levels left

rFire   . . .      SeeInvis +   a - +1 dagger
rCold   . . .      Faith    .   (no shield)
rNeg    . . .      Spirit   .   b - +0 robe
rPois   .          Reflect  .   (helmet restricted)
rElec   .          Harm     .   (no cloak)
rCorr   .          Rampage  .   (gloves unavailable)
Will    .....                   (boots unavailable)
Stlth   +++.......              (no amulet)
HPRegen 0.05/turn               d - +4 ring of evasion
MPRegen 0.11/turn               (no ring)

@: lethally poisoned (0 -> -5), very quick
A: very small, no large weapons, unfitting armour, see invisible, speed 3
a: no special abilities


You were on level 2 of the Dungeon.
You visited 1 branch of the dungeon, and saw 2 of its levels.

You collected 83 gold pieces.

Inventory:

Hand Weapons
 a - a +1 dagger (weapon)
Armour
 b - a +0 robe (worn)
Jewellery
 d - a +4 ring of evasion (left hand)
Scrolls
 e - a scroll of identify {unknown}
 g - 2 scrolls of teleportation {unknown}
 i - a scroll of enchant weapon {unknown}
Potions
 c - 2 potions of invisibility
 f - a potion of ambrosia {unknown}
 h - a potion of lignification {unknown}
 j - a potion of flight {unknown}
 k - 2 potions of heal wounds {unknown}


   Skills:
 + Level 0.6 Fighting
 + Level 1.4 Short Blades
 + Level 3.5 Dodging
 + Level 5.0 Stealth
 + Level 3.0 Spellcasting
 + Level 4.0 Hexes


You had 8 spell levels left.
You didn't know any spells.
Your spell library contained the following spells:

 Spells                   Type           Power      Damage    Failure   Level
 Confusing Touch          Hex            17%        N/A       10%         3
 Tukima's Dance           Hex            17%        N/A       10%         3
 Ensorcelled Hibernation  Hex/Ice        20%        N/A       11%         2
 Dazzling Flash           Conj/Hex       20%        N/A       22%         3


Dungeon Overview and Level Annotations

Branches:
Dungeon (2/15)

Altars:


Innate Abilities, Weirdness & Mutations

You are very small and have problems with some larger weapons.
You are too small for most types of armour.
You have supernaturally acute eyesight. (SInv)
You cover ground extremely quickly. (Speed+++)


Message History

You hit the kobold.
You kill the kobold!
The adder closely misses you.
You see here a +0 short sword.
You barely miss the adder. The adder completely misses you.
You don't know any spells.
Sorry, you're not good enough to have a special ability.
Unknown command.
You hit the adder.
The adder is lightly wounded.
The adder bites you.
You hit the adder.
The adder is moderately wounded.
The adder misses you. The adder bites you.
You are poisoned.
The adder poisons you!
You hit the adder.
The adder is severely wounded.
You feel sick. The adder misses you.
You miss the adder.
The adder is severely wounded.
You feel sick. The adder bites you but does no damage.
You hit the adder.
The adder is almost dead.
You feel sick. The adder closely misses you.
You closely miss the adder.
The adder is almost dead.
You feel sick. The adder completely misses you. x2
You hit the adder.
The adder is almost dead.
You feel sick. The adder bites you.
* * * LOW HITPOINT WARNING * * *
You are lethally poisoned!
The adder poisons you!
You hit the adder.
You kill the adder!
* * * LOW HITPOINT WARNING * * *
You feel sick.
Your Stealth skill increases to level 5!
You die...

#......#...)...
#.######.......
#.# #.......
#.# #.......
#.# #<......
#######.###
#.......
#.........#
########
#.#.#.#.#.#
##...@...#.#
#..#.#.#....b
#.$).....#.#.#
#..#.#.#.#.#..
#..........# ##
#..........#
##########...
###


You could see a bat (asleep).

Vanquished Creatures
  An adder (D:2)
  A worm (D:2)
  2 dart slugs
  3 endoplasms (D:1)
  A giant cockroach (D:1)
  3 goblins
  4 hobgoblins (D:1)
  2 jackals (D:1)
  2 kobolds
  4 ball pythons
  A bat (D:1)
  3 rats
27 creatures vanquished.

Notes
Turn   | Place    | Note
-------+----------+-------------------------------------------
     0 | D:1      | drpainis the Spriggan Enchanter began the quest for the
                  | Orb.
     0 | D:1      | Reached XP level 1. HP: 9/9 MP: 5/5
   162 | D:1      | Found a faded altar of an unknown god.
   347 | D:1      | Reached XP level 2. HP: 9/13 MP: 7/7
  1583 | D:2      | Reached XP level 3. HP: 17/17 MP: 8/8
  1850 | D:2      | Reached skill level 5 in Stealth
  1851 | D:2      | Succumbed to an adder's poison

Illustrated notes

Levels and vault maps discovered:
D:1:      dpeg_arrival_round_c, layout_loops_ring,
          hellmonk_ecumenical_altar_run_dry, hangedman_decor_growths
D:2:      layout_loops_cross, serial_glass, glass_columns_b, glass_columns_c,
          feat_on_display, due_unseen_surprise, item_on_display_a,
          grunt_ministairs_4, amcnicky_mini_pool_small, minmay_rat_hole

Skill      XL: |  1  2  3 |
---------------+----------+-----
Spellcasting   | 3 |  3.0
Dodging        | 3 |  3.5
Hexes          | 4 |  4.0
Stealth        | 5 |  5.0
Fighting       | |  0.6
Short Blades   | |  1.4

Action                   || total
-------------------------++-------
Melee: Dagger            ||   103
       Punch             ||     3
 Stab: Sleeping          ||     5
Armor: Robe              ||     8
Dodge: Dodged            ||   100

Table legend: (Time is in decaauts)
 A = Elapsed time spent in this place.
 B = Non-inter-level travel time spent in this place.
 C = Inter-level travel time spent in this place.
 D = Time resting spent in this place.
 E = Time spent auto-exploring this place.
 F = Levels seen in this place.
 G = Mean time per level.
                   A        B        C        D        E       F      G
               +--------+--------+--------+--------+--------+-----+--------+
         Total |   1565 |   1565 |      0 |    742 |    611 |   2 |  782.5 |
       Dungeon |   1565 |   1565 |      0 |    742 |    611 |   2 |  782.5 |
               +--------+--------+--------+--------+--------+-----+--------+

Top non-repeatable levels by time:
     D:1: 1304 daAuts
     D:2: 260 daAuts
